 Dungeon Crawl Stone Soup version 0.21-a0-265-gb353147 (webtiles) character file.

1902 Lavandula the Spear-Bearer (level 9, -3/67 HPs)
             Began as a Ghoul Warper on Sept 12, 2017.
             Was an Elder of Cheibriados.
             Slain by a two-headed ogre
             ... wielding a +0 giant club
              (27 damage)
             ... on level 8 of the Dungeon.
             The game lasted 00:22:56 (3067 turns).

Lavandula the Spear-Bearer (Ghoul Warper)           Turns: 3067, Time: 00:22:57

Health: -3/67      AC:  9    Str: 27    XL:     9   Next: 15%
Magic:  1/10       EV: 12    Int: 20    God:    Cheibriados [****..]
Gold:   180        SH:  0    Dex: 17    Spells: 4/11 levels left

rFire    . . .     SeeInvis .   d - +2 spear "Fokkais" {flame, rElec Int+3}
rCold    + . .     Gourm    .   (no shield)
rNeg     + + +     Faith    +   e - +0 ring mail
rPois    ∞         Spirit   .   s - +2 helmet
rElec    +         Reflect  .   (no cloak)
rCorr    .         Harm     .   w - +0 pair of gloves
MR       .....                  (no boots)
Stlth    +.........             h - amulet of faith
HPRegen  0.00/turn              (no ring)
MPRegen  0.12/turn              (no ring)

@: very slightly contaminated, rotting, very slow
A: rotting body, claws 1, carnivore 3, cold resistance 1, negative energy
resistance 3, inhibited regeneration, torment resistance, unbreathing
a: Bend Time, Temporal Distortion, Slouch, Renounce Religion


You were on level 8 of the Dungeon.
You worshipped Cheibriados.
Cheibriados was greatly pleased with you.
You were not hungry.

You visited 2 branches of the dungeon, and saw 9 of its levels.

You collected 180 gold pieces.

Inventory:

Hand Weapons
 d - the +2 spear "Fokkais" (weapon) {flame, rElec Int+3}
   (You found it on level 4 of the Dungeon)

   It has been specially enchanted to burn those struck by it, causing extra
   injury to most foes and up to half again as much damage against particularly
   susceptible opponents.
   It affects your intelligence (+3).
   It insulates you from electricity.
Missiles
 i - 5 tomahawks (quivered)
Armour
 a - a +0 leather armour
 e - a +0 ring mail (worn)
 s - a +2 helmet (worn)
 v - a +0 scale mail
 w - a +0 pair of gloves (worn)
Jewellery
 h - an amulet of faith (around neck)
Wands
 j - a wand of iceblast (4/15)
Scrolls
 g - a scroll of fog
 k - a scroll of remove curse
 l - a scroll of enchant weapon
 t - 2 scrolls of recharging
Potions
 c - a potion of might
 n - a potion of curing
 q - 2 potions of brilliance
 r - a potion of heal wounds
Books
 b - a book of Spatial Translocations

   Spells                             Type                      Level
   a - Blink                          Translocation                2
   b - Shroud of Golubria             Charms/Translocation         2
   c - Lesser Beckoning               Translocation                3
   d - Gell's Gravitas                Translocation                3
   e - Teleport Other                 Translocation                3
   f - Passage of Golubria            Translocation                4
Comestibles
 f - 2 meat rations
 m - 7 chunks of flesh
 z - a royal jelly


   Skills:
 - Level 2.1 Fighting
 * Level 10.0 Polearms
 - Level 0.8 Throwing
 - Level 0.8 Armour
 - Level 1.7 Dodging
 - Level 4.4 Unarmed Combat
 - Level 1.7 Spellcasting
 - Level 2.6 Translocations


You had 4 spell levels left.
You knew the following spells:

 Your Spells              Type           Power        Failure   Level  Hunger
a - Blink                 Tloc           N/A          12%         2    ###....
b - Shroud of Golubria    Chrm/Tloc      #.........   22%         2    ###....
c - Lesser Beckoning      Tloc           ##........   24%         3    ###....


Dungeon Overview and Level Annotations

Branches:
Dungeon (8/15)             Temple (1/1) D:4
   Lair: D:8-11

Altars:
Cheibriados
Elyvilon
Gozag
Makhleb
Okawaru
Qazlal
Zin

Portals:
Ossuary: D:8

Annotations:
D:5 Prince Ribbit


Innate Abilities, Weirdness & Mutations

Your body is rotting away.
You thrive on raw meat.
You are immune to poison.
You have sharp fingernails.
You are carnivorous and can eat meat at any time.
Your flesh is cold resistant. (rC+)
You are immune to negative energy. (rN+++)
You do not regenerate when monsters are visible.
You are immune to unholy pain and torment.
You can survive without breathing.


Message History

The two-headed ogre is severely wounded.
Okay, then.
Fire/throw which item? (* to show all) (? for menu, Esc to quit)
Okay, then.
Okay, then.
Evoke which item? (* to show all) (? for menu, Esc to quit)
Okay, then.
You hit the two-headed ogre. You burn the two-headed ogre.
The two-headed ogre is almost dead.
The two-headed ogre hits you with a giant club!!
* * * LOW HITPOINT WARNING * * *
The two-headed ogre hits you with a great mace!
* * * LOW HITPOINT WARNING * * *
Okay, then.
Okay, then.
It was a potion of heal wounds.
You feel much better.
You hit the two-headed ogre but do no damage.
The two-headed ogre is almost dead.
The two-headed ogre hits you with a giant club!!
You die...

#. #.# #.#
######### #.#
........#######.##
#..............###
#
##.###.#####.......
#.##.@###.#
##....###
###.#.O.....#
#....##
#.....#..#..#
#.#...#
#.#..'##....#
##.#..#
#...##.##...#
##.#+#
#..##.§.##..# ##...
##. ##.##..## ....
# ### ..# ..... ..#
......


You could see a two-headed ogre.

Vanquished Creatures
  Duvessa (D:6)
  2 ice beasts
  2 sky beasts
  2 centaurs
  A necrophage (D:7)
  4 bullfrogs
  Dowan (D:6)
  2 scorpions (D:6)
  3 howler monkeys
  A crimson imp (D:6)
  A centaur zombie (D:8)
  2 hounds
  3 jellies
  2 orc priests
  A bullfrog skeleton (D:7)
  2 worker ants (D:6)
  2 hound zombies
  A howler monkey zombie (D:7)
  4 gnolls
  9 adders
  3 river rats (D:5)
  2 shadow imps
  2 oozes
  An adder skeleton (D:5)
  An adder zombie (D:7)
  A dart slug (D:2)
  2 leopard geckos
  12 orcs
  5 giant cockroaches
  3 goblins (D:1)
  2 hobgoblins (D:3)
  8 jackals (D:3)
  3 kobolds
  8 quokkas
  A ball python (D:3)
  6 bats
  A frilled lizard (D:2)
  2 jackal skeletons
  2 leopard gecko zombies (D:5)
  3 quokka skeletons
  A rat (D:3)
115 creatures vanquished.

Notes
Turn   | Place    | Note
-------+----------+-------------------------------------------
     0 | D:1      | Lavandula the Ghoul Warper began the quest for the Orb.
     0 | D:1      | Reached XP level 1. HP: 17/17 MP: 2/2
   104 | D:1      | Reached XP level 2. HP: 15/24 MP: 3/3
   168 | D:2      | Learned a level 2 spell: Shroud of Golubria
   171 | D:2      | Learned a level 2 spell: Blink
   219 | D:3      | HP: 1/24 [orc/hand axe (6)]
   360 | D:3      | Reached XP level 3. HP: 10/28 MP: 4/4
   507 | D:3      | Found a burning altar of Makhleb.
   681 | D:4      | Noticed a bullfrog
   729 | D:4      | Got a polished spear
   730 | D:4      | Identified the cursed +2 spear "Fokkais" {flame, rElec Int+3} (You found it on level 4 of the Dungeon)
   829 | D:4      | Reached skill level 1 in Polearms
   829 | D:4      | Reached XP level 4. HP: 29/36 MP: 2/5
   844 | D:4      | Found a staircase to the Ecumenical Temple.
   870 | Temple   | Entered the Ecumenical Temple
   877 | Temple   | Became a worshipper of Cheibriados the Contemplative
   913 | D:4      | Reached skill level 2 in Polearms
   913 | D:4      | Reached XP level 5. HP: 26/41 MP: 3/6
  1054 | D:4      | Reached skill level 3 in Polearms
  1162 | D:4      | Reached skill level 4 in Polearms
  1162 | D:4      | Reached XP level 6. HP: 47/48 MP: 4/7
  1262 | D:5      | Entered Level 5 of the Dungeon
  1265 | D:5      | Reached * piety under Cheibriados
  1406 | D:5      | Found a stormy altar of Qazlal.
  1470 | D:5      | Reached skill level 5 in Polearms
  1475 | D:5      | Noticed an ice beast
  1499 | D:5      | Killed an ice beast
  1499 | D:5      | Reached XP level 7. HP: 39/55 MP: 2/8
  1641 | D:5      | Reached ** piety under Cheibriados
  1641 | D:5      | Reached skill level 6 in Polearms
  1669 | D:5      | Noticed Prince Ribbit
  1864 | D:6      | Reached skill level 7 in Polearms
  1864 | D:6      | Reached XP level 8. HP: 41/61 MP: 9/9
  1993 | D:6      | Noticed Duvessa
  1998 | D:6      | Noticed Dowan
  2042 | D:6      | Killed Duvessa
  2042 | D:6      | Reached skill level 8 in Polearms
  2045 | D:6      | Killed Dowan
  2222 | D:7      | Reached *** piety under Cheibriados
  2243 | D:7      | Found an iron altar of Okawaru.
  2289 | D:7      | Reached skill level 9 in Polearms
  2294 | D:7      | Learned a level 3 spell: Lesser Beckoning
  2733 | D:7      | Reached XP level 9. HP: 62/67 MP: 10/10
  2960 | D:8      | Noticed a two-headed ogre
  2991 | D:8      | Reached **** piety under Cheibriados
  3039 | D:8      | Reached skill level 10 in Polearms
  3053 | D:8      | Found a sand-covered staircase.
  3067 | D:8      | Slain by a two-headed ogre

Vault maps used:
D:1:      ncdulo_halloftheorcs, serial_forest, infiniplex_forest_lined_room_,
          infiniplex_forest_clump_double, infiniplex_forest_straight_4,
          infiniplex_forest_zigzag_1, infiniplex_forest_end_2,
          infiniplex_forest_clump_medium, infiniplex_forest_clump_tiny,
          infiniplex_forest_clump_medium
D:2:      amethyst_overflow_temple_binary
D:3:      lemuel_statue_altar
D:4:      minmay_temple_entry_large_hall, first_bread
D:5:      wad_woods_stonehenge, uniq_prince_ribbit1
D:6:      uniq_duvessa
D:7:      lemuel_coloured_pillars_altar, okawaru_ov_weapons_minmay
D:8:      enter_ossuary_5, grunt_ogre_cave
Temple:   hc_temple_tempest_star

Skill      XL: |  1  2  3  4  5  6  7  8  9 |
---------------+----------------------------+-----
Unarmed Combat | 3 4 |  4.4
Polearms       | 1 2 4 5 7 9 10 | 10.0
Fighting       | |  2.1
Throwing       | |  0.8
Armour         | |  0.8
Dodging        | |  1.7
Spellcasting   | |  1.7
Translocations | |  2.6

Action                   |  1- 3 |  4- 6 |  7- 9 || total
-------------------------+-------+-------+-------++-------
Melee: Unarmed           |   123 |       |       ||   123
       Spear             |    13 |   135 |   322 ||   470
       Punch             |     1 |     4 |     9 ||    14
Throw: Tomahawk          |     5 |     2 |     2 ||     9
 Cast: Shroud of Golubri |     6 |    11 |    15 ||    32
       Blink             |       |       |     6 ||     6
       Lesser Beckoning  |       |       |     1 ||     1
Invok: Bend Time         |       |       |     2 ||     2
Evoke: Wand              |       |       |     2 ||     2
  Use: Scroll            |       |       |    12 ||    12
       Potion            |       |       |     6 ||     6
  Eat: Chunk             |    22 |     7 |    25 ||    54
Armor: Leather armour    |    34 |    16 |       ||    50
       Ring mail         |       |    12 |    86 ||    98
Dodge: Dodged            |    84 |    53 |   102 ||   239

Table legend:
 A = Spawn XP
 B = Non-spawn XP
 C = Spawn XP percentage of total XP
 D = Spawn monster count
 E = Non-spawn monster count
 F = Spawn count percentage of total count
 G = Total turns spent on level
                    A         B        C        D         E        F      G
               +---------+---------+-------+---------+---------+-------+---------
         Total |       0 |    2718 |   0.0 |       0 |     115 |   0.0 |  3067
               +---------+---------+-------+---------+---------+-------+---------
           D:1 |       0 |      12 |   0.0 |       0 |       7 |   0.0 |   116
           D:2 |       0 |      15 |   0.0 |       0 |       5 |   0.0 |    42
           D:3 |       0 |      54 |   0.0 |       0 |      21 |   0.0 |   564
           D:4 |       0 |     325 |   0.0 |       0 |      16 |   0.0 |   525
           D:5 |       0 |     462 |   0.0 |       0 |      19 |   0.0 |   436
           D:6 |       0 |     909 |   0.0 |       0 |      22 |   0.0 |   510
           D:7 |       0 |     694 |   0.0 |       0 |      17 |   0.0 |   610
           D:8 |       0 |     247 |   0.0 |       0 |       8 |   0.0 |   249
               +---------+---------+-------+---------+---------+-------+---------
